| TOP OF THE 1ST |
|
Akron RubberDucks batting - Pitching for Midland RockHounds : RHP Gil Villanueva
|
|
Pitching: RHP Gil Villanueva
|
|
|
Batting: LHB Nick Welling
|
0-0: Ball 1-0: Called Strike 1-1: Called Strike 1-2: Strikes out swinging
|
|
Batting: RHB Kenzo Shinoda
|
0-0: Ball 1-0: Ball 2-0: Called Strike 2-1: Ground out 4-3 (Groundball, 4S, EV 86.2 MPH)
|
|
Batting: RHB Tristan Wright
|
0-0: Ball 1-0: DOUBLE (Line Drive, 5D, EV 95.6 MPH)
|
|
Batting: LHB Costodio Varino
|
0-0: Swinging Strike 0-1: Foul Ball, location: 2F 0-2: Ball 1-2: Ball 2-2: Strikes out swinging
|
| Top of the 1st over - 0 runs, 1 hit, 0 errors, 1 left on base; Akron 0 - Midland 0 |
| BOTTOM OF THE 1ST |
|
Midland RockHounds batting - Pitching for Akron RubberDucks : RHP Yuri Bijleveld
|
|
Pitching: RHP Yuri Bijleveld
|
|
|
Batting: RHB Chris Bohm
|
0-0: SINGLE (Groundball, 6MD, EV 105.6 MPH)
|
|
Batting: RHB Chris Prinzing
|
0-0: Ball 1-0: Ball 2-0: Foul Ball, location: 2F 2-1: Swinging Strike 2-2: Ball 3-2: Strikes out swinging
|
|
Batting: RHB Sean Gould
|
0-0: Ball 1-0: Ball 2-0: Grounds into double play, 4-6-3 (Groundball, 4, EV 86.2 MPH)
|
| Bottom of the 1st over - 0 runs, 1 hit, 0 errors, 0 left on base; Akron 0 - Midland 0 |
| TOP OF THE 2ND |
|
Akron RubberDucks batting - Pitching for Midland RockHounds : RHP Gil Villanueva
|
|
Batting: SHB Dan Morataya
|
0-0: Ball 1-0: Foul Ball, location: 2F 1-1: SINGLE (Line Drive, 56D, EV 101.9 MPH)
|
|
Batting: RHB Adam McMillen
|
0-0: Called Strike 0-1: Swinging Strike 0-2: Ball 1-2: Ball 2-2: Foul Ball, location: 2F 2-2: Ball 3-2: Foul Ball, location: 2F 3-2: Strikes out swinging
|
|
Batting: RHB Chris Diaz
|
0-0: Ball 1-0: Grounds into double play, 6-4-3 (Groundball, 6, EV 88.8 MPH)
|
| Top of the 2nd over - 0 runs, 1 hit, 0 errors, 0 left on base; Akron 0 - Midland 0 |
| BOTTOM OF THE 2ND |
|
Midland RockHounds batting - Pitching for Akron RubberDucks : RHP Yuri Bijleveld
|
|
Batting: RHB Matt Sherard
|
0-0: Ball 1-0: Called Strike 1-1: Ball 2-1: Ground out 6-3 (Groundball, 6, EV 90.6 MPH)
|
|
Batting: LHB Nick Pacheco
|
0-0: Called Strike 0-1: Foul Ball, location: 2F 0-2: Ball 1-2: Foul Ball, location: 2F 1-2: Foul Ball, location: 2F 1-2: Fly out, F5 (Popup, 5SF, EV 88.8 MPH)
|
|
Batting: RHB Micah Roth
|
0-0: Called Strike 0-1: Swinging Strike 0-2: Ball 1-2: Strikes out swinging
|
| Bottom of the 2nd over - 0 runs, 0 hits, 0 errors, 0 left on base; Akron 0 - Midland 0 |
| TOP OF THE 3RD |
|
Akron RubberDucks batting - Pitching for Midland RockHounds : RHP Gil Villanueva
|
|
Batting: RHB Anibal Casteles
|
0-0: Foul Ball, location: 2F 0-1: SINGLE (Groundball, 6D, EV 108.8 MPH)
|
|
Batting: SHB Javon Mitchell
|
0-0: Ball 1-0: Ball 2-0: Ground out 4-3 (Groundball, 34, EV 96.2 MPH) Anibal Casteles to second
|
|
Batting: LHB Nick Welling
|
0-0: Foul Ball, location: 2F 0-1: Called Strike 0-2: Ball 1-2: Ground out U3 (Groundball, 3, EV 103.1 MPH) Anibal Casteles to third
|
|
Batting: RHB Kenzo Shinoda
|
0-0: Ball 1-0: Ground out 3-1 (Groundball, 34, EV 78.1 MPH)
|
| Top of the 3rd over - 0 runs, 1 hit, 0 errors, 1 left on base; Akron 0 - Midland 0 |
| BOTTOM OF THE 3RD |
|
Midland RockHounds batting - Pitching for Akron RubberDucks : RHP Yuri Bijleveld
|
|
Batting: LHB Jose Mojica
|
0-0: Called Strike 0-1: Ball 1-1: Ground out 6-3 (Groundball, 6, EV 96.9 MPH)
|
|
Batting: RHB Gojko Golob
|
0-0: Called Strike 0-1: Ball 1-1: SINGLE (Line Drive, 89S, EV 108.8 MPH)
|
|
Batting: RHB Larry Clark
|
0-0: Ball 1-0: Ball 2-0: Ground out 4-3 (Groundball, 13, EV 76.9 MPH) Gojko Golob to second
|
|
Batting: RHB Chris Bohm
|
0-0: Ball 1-0: Fly out, F7 (Flyball, 78D, EV 80.0 MPH)
|
| Bottom of the 3rd over - 0 runs, 1 hit, 0 errors, 1 left on base; Akron 0 - Midland 0 |
| TOP OF THE 4TH |
|
Akron RubberDucks batting - Pitching for Midland RockHounds : RHP Gil Villanueva
|
|
Batting: RHB Tristan Wright
|
0-0: Ball 1-0: Ball 2-0: Foul Ball, location: 2F 2-1: Ball 3-1: Fly out, F8 (Flyball, 8RXD, EV 75.6 MPH)
|
|
Batting: LHB Costodio Varino
|
0-0: Called Strike 0-1: Ball 1-1: Swinging Strike 1-2: SOLO HOME RUN (Flyball, 9D, EV 96.9 MPH), Distance : 369 ft
|
|
Batting: SHB Dan Morataya
|
0-0: Called Strike 0-1: Ball 1-1: Ground out 4-3 (Groundball, 4S, EV 78.8 MPH)
|
|
Batting: RHB Adam McMillen
|
0-0: Ball 1-0: Ball 2-0: Foul Ball, location: 2F 2-1: Ball 3-1: Swinging Strike 3-2: Foul Ball, location: 2F 3-2: Base on Balls
|
|
Batting: RHB Chris Diaz
|
0-0: Ball 1-0: Called Strike 1-1: Fly out, F6 (Popup, P, EV 91.9 MPH)
|
| Top of the 4th over - 1 run, 1 hit, 0 errors, 1 left on base; Akron 1 - Midland 0 |
| BOTTOM OF THE 4TH |
|
Midland RockHounds batting - Pitching for Akron RubberDucks : RHP Yuri Bijleveld
|
|
Batting: RHB Chris Prinzing
|
0-0: SINGLE (Line Drive, 4MD, EV 96.9 MPH)
|
|
Batting: RHB Sean Gould
|
0-0: Ball 1-0: Grounds into double play, 5-4-3 (Groundball, 56, EV 90.6 MPH)
|
|
Batting: RHB Matt Sherard
|
0-0: Ball 1-0: Ball 2-0: Ground out 6-3 (Groundball, 6, EV 87.5 MPH)
|
| Bottom of the 4th over - 0 runs, 1 hit, 0 errors, 0 left on base; Akron 1 - Midland 0 |
| TOP OF THE 5TH |
|
Akron RubberDucks batting - Pitching for Midland RockHounds : RHP Gil Villanueva
|
|
Batting: RHB Anibal Casteles
|
0-0: Ball 1-0: Called Strike 1-1: Ground out 1-3 (Groundball, 13S, EV 71.9 MPH)
|
|
Batting: SHB Javon Mitchell
|
0-0: Called Strike 0-1: Fly out, F9 (Flyball, 89M, EV 91.9 MPH)
|
|
Batting: LHB Nick Welling
|
0-0: Ball 1-0: Called Strike 1-1: Ground out 4-3 (Groundball, 4MD, EV 88.1 MPH)
|
| Top of the 5th over - 0 runs, 0 hits, 0 errors, 0 left on base; Akron 1 - Midland 0 |
| BOTTOM OF THE 5TH |
|
Midland RockHounds batting - Pitching for Akron RubberDucks : RHP Yuri Bijleveld
|
|
Batting: LHB Nick Pacheco
|
0-0: Ball 1-0: Called Strike 1-1: Ball 2-1: Swinging Strike 2-2: Strikes out swinging, 2-3 out at first.
|
|
Batting: RHB Micah Roth
|
0-0: Ball 1-0: SINGLE (Groundball, 34D, EV 100.6 MPH)
|
|
Batting: LHB Jose Mojica
|
0-0: Ball 1-0: Called Strike 1-1: Fly out, F9 (Flyball, 9S, EV 75.6 MPH)
|
|
Batting: RHB Gojko Golob
|
0-0: Called Strike 0-1: Called Strike Micah Roth steals 2nd base (no throw) 0-2: Foul Ball, location: 2F 0-2: Strikes out swinging
|
| Bottom of the 5th over - 0 runs, 1 hit, 0 errors, 1 left on base; Akron 1 - Midland 0 |
| TOP OF THE 6TH |
|
Akron RubberDucks batting - Pitching for Midland RockHounds : RHP Gil Villanueva
|
|
Batting: RHB Kenzo Shinoda
|
0-0: SINGLE (Line Drive, 56, EV 95.6 MPH)
|
|
Batting: RHB Tristan Wright
|
0-0: Ball Kenzo Shinoda is caught stealing 2nd base 2-4 1-0: Called Strike 1-1: Called Strike 1-2: Ball 2-2: Ground out 4-3 (Groundball, 4M, EV 91.2 MPH)
|
|
Batting: LHB Costodio Varino
|
0-0: Ball 1-0: Ball 2-0: Swinging Strike 2-1: Foul Ball, location: 2F 2-2: Foul Ball, location: 2F 2-2: Foul Ball, location: 2F 2-2: Foul Ball, location: 2F 2-2: Foul Ball, location: 2F 2-2: DOUBLE (Line Drive, 5D, EV 99.4 MPH)
|
|
Batting: SHB Dan Morataya
|
0-0: Fly out, F7 (Flyball, 8LD, EV 103.1 MPH)
|
| Top of the 6th over - 0 runs, 2 hits, 0 errors, 1 left on base; Akron 1 - Midland 0 |
| BOTTOM OF THE 6TH |
|
Midland RockHounds batting - Pitching for Akron RubberDucks : RHP Yuri Bijleveld
|
|
Batting: RHB Larry Clark
|
0-0: Called Strike 0-1: Ground out 5-3 (Groundball, 56S, EV 81.2 MPH)
|
|
Batting: RHB Chris Bohm
|
0-0: Swinging Strike 0-1: Called Strike 0-2: SINGLE (Line Drive, 56D, EV 95.0 MPH)
|
|
Batting: RHB Chris Prinzing
|
0-0: Ball 1-0: Swinging Strike 1-1: Ball 2-1: Ball 3-1: Called Strike 3-2: Fly out, F3 (Line Drive, 3, EV 70.6 MPH)
|
|
Batting: RHB Sean Gould
|
0-0: Swinging Strike 0-1: Ball Chris Bohm is caught stealing 2nd base 2-4
|
| Bottom of the 6th over - 0 runs, 1 hit, 0 errors, 0 left on base; Akron 1 - Midland 0 |
| TOP OF THE 7TH |
|
Akron RubberDucks batting - Pitching for Midland RockHounds : RHP Gil Villanueva
|
|
Batting: RHB Adam McMillen
|
0-0: Swinging Strike 0-1: Ball 1-1: DOUBLE (Flyball, 78D, EV 88.1 MPH)
|
|
Batting: RHB Chris Diaz
|
0-0: Ball 1-0: Ball Adam McMillen steals 3rd base (no throw) 2-0: Swinging Strike 2-1: Called Strike 2-2: Foul Ball, location: 2F 2-2: Ground out 6-3 (Groundball, 6, EV 91.2 MPH)
|
|
Batting: RHB Anibal Casteles
|
0-0: Squeeze Bunt to P - play home, runner scores, batter safe! Adam McMillen scores
|
|
Batting: SHB Javon Mitchell
|
0-0: Ball 1-0: Foul Ball, location: 2F 1-1: SINGLE (Groundball, 4MS, EV 70.0 MPH) (infield hit) Anibal Casteles to second
|
|
Batting: LHB Nick Welling
|
0-0: Ball 1-0: Swinging Strike 1-1: Ball 2-1: Swinging Strike 2-2: Ball 3-2: Fly out, F8 (Flyball, 8LM, EV 86.2 MPH)
|
|
Pitching: RHP Jon Hollman
|
|
|
Batting: RHB Kenzo Shinoda
|
0-0: Fielders Choice at 2nd, 6-4 (Groundball, 6, EV 89.4 MPH)
|
| Top of the 7th over - 1 run, 2 hits, 0 errors, 2 left on base; Akron 2 - Midland 0 |
| BOTTOM OF THE 7TH |
|
Midland RockHounds batting - Pitching for Akron RubberDucks : RHP Yuri Bijleveld
|
|
Now in LF: Jarrod Lindblad
|
|
|
Batting: RHB Sean Gould
|
0-0: Ground out 4-3 (Groundball, 4, EV 87.5 MPH)
|
|
Batting: RHB Matt Sherard
|
0-0: Ball 1-0: Ball 2-0: Called Strike 2-1: Ball 3-1: Swinging Strike 3-2: Strikes out looking
|
|
Batting: LHB Nick Pacheco
|
0-0: Ball 1-0: Ground out U3 (Groundball, 3, EV 78.8 MPH)
|
| Bottom of the 7th over - 0 runs, 0 hits, 0 errors, 0 left on base; Akron 2 - Midland 0 |
| TOP OF THE 8TH |
|
Akron RubberDucks batting - Pitching for Midland RockHounds : RHP Jon Hollman
|
|
Batting: RHB Tristan Wright
|
0-0: Called Strike 0-1: Foul Ball, location: 2F 0-2: Strikes out swinging
|
|
Batting: LHB Costodio Varino
|
0-0: Ball 1-0: Called Strike 1-1: Called Strike 1-2: Strikes out swinging
|
|
Batting: SHB Dan Morataya
|
0-0: SINGLE (Groundball, 34D, EV 103.1 MPH)
|
|
Batting: RHB Adam McMillen
|
0-0: Swinging Strike 0-1: Ball Dan Morataya steals 2nd base 1-1: Ball 2-1: Ground out 6-3 (Groundball, 6M, EV 100.6 MPH)
|
| Top of the 8th over - 0 runs, 1 hit, 0 errors, 1 left on base; Akron 2 - Midland 0 |
| BOTTOM OF THE 8TH |
|
Midland RockHounds batting - Pitching for Akron RubberDucks : RHP Yuri Bijleveld
|
|
Batting: RHB Micah Roth
|
0-0: Ground out 5-3 (Groundball, 56, EV 100.6 MPH)
|
|
Batting: LHB Jose Mojica
|
0-0: Foul Ball, location: 2F 0-1: Ground out 4-3 (Groundball, 34, EV 110.0 MPH)
|
|
Batting: RHB Gojko Golob
|
0-0: Swinging Strike 0-1: Called Strike 0-2: Strikes out swinging
|
| Bottom of the 8th over - 0 runs, 0 hits, 0 errors, 0 left on base; Akron 2 - Midland 0 |
| TOP OF THE 9TH |
|
Akron RubberDucks batting - Pitching for Midland RockHounds : RHP Jon Hollman
|
|
Pinch Hitting: LHB Stu Sornson
|
0-0: Ball 1-0: Called Strike 1-1: Ball 2-1: Foul Ball, location: 2F 2-2: Strikes out swinging
|
|
Batting: RHB Anibal Casteles
|
0-0: Ball 1-0: Foul Ball, location: 2F 1-1: Called Strike 1-2: Ball 2-2: Strikes out swinging
|
|
Batting: SHB Javon Mitchell
|
0-0: SINGLE (Groundball, 4MD, EV 98.8 MPH)
|
|
Batting: SHB Jarrod Lindblad
|
0-0: Ball Javon Mitchell steals 2nd base 1-0: Ball 2-0: Foul Ball, location: 2F 2-1: Ball 3-1: Base on Balls
|
|
Batting: RHB Kenzo Shinoda
|
0-0: Called Strike 0-1: Ground out U3 (Groundball, 23, EV 86.2 MPH)
|
| Top of the 9th over - 0 runs, 1 hit, 0 errors, 2 left on base; Akron 2 - Midland 0 |
| BOTTOM OF THE 9TH |
|
Midland RockHounds batting - Pitching for Akron RubberDucks : RHP Yuri Bijleveld
|
|
Pitching: RHP Dave Barry
|
|
|
Now at 3B: Edwin Dominguez
|
|
|
Pinch Hitting: LHB Chance Stever
|
0-0: Ball 1-0: Called Strike 1-1: Ball 2-1: Ball 3-1: Swinging Strike 3-2: Strikes out looking
|
|
Batting: RHB Chris Bohm
|
0-0: Ball 1-0: Called Strike 1-1: SINGLE (Flyball, 6MD, EV 93.1 MPH)
|
|
Pinch Hitting: LHB Tom Raupp
|
0-0: Ball 1-0: Fly out, F4 (Line Drive, 4, EV 71.9 MPH)
|
|
Batting: RHB Sean Gould
|
0-0: Fielders Choice at 2nd, 5-4 (Groundball, 56, EV 105.6 MPH)
|
| Bottom of the 9th over - 0 runs, 1 hit, 0 errors, 1 left on base; Akron 2 - Midland 0 |
|